NYP
EUGENE EMERALDS @ ROME BRAVES
04/11/2044
 
TOP OF THE 1ST
Eugene Emeralds batting - Pitching for Rome Braves : RHP Mokichi Furuta
Pitching: RHP Mokichi Furuta
Batting: RHB Garrett Granata 0-0: Ball
1-0: Ground out 4-3 (Groundball, 4S, EV 68.1 MPH)
Batting: RHB Chris Slama 0-0: Ball
1-0: Ball
2-0: Called Strike
2-1: Swinging Strike
2-2: Ground out 6-3 (Groundball, 56, EV 83.1 MPH)
Batting: RHB Francisco Ramirez 0-0: Ball
1-0: Ball
2-0: Ball
3-0: Base on Balls
Batting: LHB Trevor Spaulding 0-0: Ground out U3 (Groundball, 3, EV 81.3 MPH)
Top of the 1st over - 0 runs, 0 hits, 0 errors, 1 left on base; Eugene 0 - Rome 0
BOTTOM OF THE 1ST
Rome Braves batting - Pitching for Eugene Emeralds : RHP Jose Ramirez
Pitching: RHP Jose Ramirez
Batting: LHB J.P. Olson 0-0: Ball
1-0: Foul Ball, location: 2F
1-1: SINGLE (Groundball, 34D, EV 99.4 MPH)
Batting: RHB Brandon Burrell 0-0: Ball
J.P. Olson is caught stealing 2nd base 2-4
1-0: Called Strike
1-1: TRIPLE (Flyball, 8LXD, EV 89.4 MPH)
Batting: LHB Robby Dann 0-0: Ball
1-0: Ball
2-0: Called Strike
2-1: Fly out, F9 (Line Drive, 9D, EV 83.8 MPH)
Runner from 3rd tags up, SCORES, throw by RF
Batting: RHB Ike Trout 0-0: Called Strike
0-1: Ball
1-1: SINGLE (Flyball, 6D, EV 88.1 MPH)
Batting: LHB Mike Tenorio 0-0: Called Strike
0-1: Fly out, F9 (Flyball, 9, EV 91.9 MPH)
Bottom of the 1st over - 1 run, 3 hits, 0 errors, 1 left on base; Eugene 0 - Rome 1
TOP OF THE 2ND
Eugene Emeralds batting - Pitching for Rome Braves : RHP Mokichi Furuta
Batting: LHB Mark Huey 0-0: Swinging Strike
0-1: Called Strike
0-2: Ball
1-2: Fly out, F5 (Line Drive, 5, EV 67.5 MPH)
Batting: LHB Kwang-chih Men 0-0: Ball
1-0: Called Strike
1-1: SINGLE (Line Drive, 4MD, EV 98.8 MPH)
Batting: SHB Bob Hamilton 0-0: Ball
Wild Pitch!
Kwang-chih Men to second
1-0: Called Strike
1-1: Ball
2-1: Swinging Strike
2-2: Foul Ball, location: 2F
2-2: Foul Ball, location: 2F
2-2: Ball
3-2: Base on Balls
Batting: RHB Brian Gargis 0-0: Called Strike
0-1: Ball
1-1: Fielders Choice at 2nd, 1-6 (Groundball, 34S, EV 71.9 MPH)
Kwang-chih Men to third
Batting: RHB Jonathan Ridgely 0-0: Fielders Choice at 2nd, 6-4 (Groundball, 56D, EV 84.4 MPH)
Top of the 2nd over - 0 runs, 1 hit, 0 errors, 2 left on base; Eugene 0 - Rome 1
BOTTOM OF THE 2ND
Rome Braves batting - Pitching for Eugene Emeralds : RHP Jose Ramirez
Batting: RHB Badr al Din Ridha 0-0: Called Strike
0-1: Ground out 6-3 (Groundball, 6, EV 87.5 MPH)
Batting: RHB Alex Velasquez 0-0: Ball
1-0: SINGLE (Groundball, 4MD, EV 105.0 MPH)
Batting: LHB Joe Phillips 0-0: Called Strike
Alex Velasquez steals 2nd base
0-1: Foul Ball, location: 2F
0-2: Ball
1-2: Ground out U3 (Groundball, 3L, EV 103.1 MPH)
Alex Velasquez to third
Batting: RHB Peter Wheeler 0-0: DOUBLE (Line Drive, 8RXD, EV 102.5 MPH)
Alex Velasquez scores
Batting: LHB J.P. Olson 0-0: Called Strike
0-1: Called Strike
0-2: Ball
1-2: Ball
2-2: Foul Ball, location: 2F
2-2: Strikes out looking
Bottom of the 2nd over - 1 run, 2 hits, 0 errors, 1 left on base; Eugene 0 - Rome 2
TOP OF THE 3RD
Eugene Emeralds batting - Pitching for Rome Braves : RHP Mokichi Furuta
Batting: RHB Garrett Granata 0-0: Foul Ball, location: 2F
0-1: Ground out 1-3 (Groundball, 34S, EV 69.4 MPH)
Batting: RHB Chris Slama 0-0: Ball
1-0: Ball
2-0: Ground out 6-3 (Groundball, 6, EV 83.1 MPH)
Batting: RHB Francisco Ramirez 0-0: Ball
1-0: Foul Ball, location: 2F
1-1: Called Strike
1-2: Ground out 5-3 (Groundball, 56S, EV 87.5 MPH)
Top of the 3rd over - 0 runs, 0 hits, 0 errors, 0 left on base; Eugene 0 - Rome 2
BOTTOM OF THE 3RD
Rome Braves batting - Pitching for Eugene Emeralds : RHP Jose Ramirez
Batting: RHB Brandon Burrell 0-0: Ball
1-0: SINGLE (Line Drive, 6D, EV 102.5 MPH)
Batting: LHB Robby Dann 0-0: Fielders Choice at 2nd, 6-4 (Groundball, 6M, EV 84.4 MPH)
Batting: RHB Ike Trout 0-0: Ball
Robby Dann steals 2nd base
1-0: Called Strike
1-1: Ball
2-1: Fly out, F7 (Line Drive, 7, EV 85.0 MPH)
Batting: LHB Mike Tenorio 0-0: Ball
1-0: Ball
2-0: Foul Ball, location: 2F
2-1: Foul Ball, location: 2F
2-2: Ball
3-2: Ground out 3-1 (Groundball, 34, EV 105.6 MPH)
Bottom of the 3rd over - 0 runs, 1 hit, 0 errors, 1 left on base; Eugene 0 - Rome 2
TOP OF THE 4TH
Eugene Emeralds batting - Pitching for Rome Braves : RHP Mokichi Furuta
Batting: LHB Trevor Spaulding 0-0: Ball
1-0: Swinging Strike
1-1: Ball
2-1: Ground out 4-3 (Groundball, 4MS, EV 86.3 MPH)
Batting: LHB Mark Huey 0-0: Called Strike
0-1: Foul Ball, location: 2F
0-2: Ball
1-2: Ball
2-2: Ground out 4-3 (Groundball, 4, EV 101.3 MPH)
Batting: LHB Kwang-chih Men 0-0: Ball
1-0: Called Strike
1-1: Foul Ball, location: 2F
1-2: Strikes out swinging
Top of the 4th over - 0 runs, 0 hits, 0 errors, 0 left on base; Eugene 0 - Rome 2
BOTTOM OF THE 4TH
Rome Braves batting - Pitching for Eugene Emeralds : RHP Jose Ramirez
Batting: RHB Badr al Din Ridha 0-0: Called Strike
0-1: Ball
1-1: SINGLE (Flyball, 56D, EV 90.0 MPH)
Batting: RHB Alex Velasquez 0-0: Called Strike
0-1: Called Strike
0-2: Ball
1-2: Strikes out swinging
Batting: LHB Joe Phillips 0-0: Called Strike
0-1: Called Strike
0-2: Ball
Badr al Din Ridha is caught stealing 2nd base 2-6
1-2: Ball
2-2: Ground out 5-3 (Groundball, 5D, EV 106.9 MPH)
Bottom of the 4th over - 0 runs, 1 hit, 0 errors, 0 left on base; Eugene 0 - Rome 2
TOP OF THE 5TH
Eugene Emeralds batting - Pitching for Rome Braves : RHP Mokichi Furuta
Batting: SHB Bob Hamilton 0-0: Ball
1-0: Swinging Strike
1-1: Swinging Strike
1-2: Strikes out looking
Batting: RHB Brian Gargis 0-0: Ball
1-0: Fly out, F3 (Popup, 3L, EV 58.8 MPH)
Batting: RHB Jonathan Ridgely 0-0: Foul Ball, location: 2F
0-1: Foul Ball, location: 2F
0-2: Ball
1-2: Ball
2-2: Ground out 6-3 (Groundball, 56, EV 103.1 MPH)
Top of the 5th over - 0 runs, 0 hits, 0 errors, 0 left on base; Eugene 0 - Rome 2
BOTTOM OF THE 5TH
Rome Braves batting - Pitching for Eugene Emeralds : RHP Jose Ramirez
Batting: RHB Peter Wheeler 0-0: Called Strike
0-1: Fly out, F8 (Flyball, 8RD, EV 90.0 MPH)
Batting: LHB J.P. Olson 0-0: Ball
1-0: Called Strike
1-1: Ball
2-1: Ball
3-1: Called Strike
3-2: Foul Ball, location: 2F
3-2: Reached on error, E2 (Groundball, 2R, EV 75.6 MPH)
Batting: RHB Brandon Burrell 0-0: Called Strike
0-1: Ball
J.P. Olson steals 2nd base
1-1: Ball
2-1: Ball
3-1: Foul Ball, location: 2F
3-2: Base on Balls
Batting: LHB Robby Dann 0-0: Ball
1-0: Ball
2-0: Foul Ball, location: 2F
2-1: Foul Ball, location: 2F
2-2: Ball
3-2: Grounds into double play, 6-4-3 (Groundball, 6, EV 106.3 MPH)
Bottom of the 5th over - 0 runs, 0 hits, 1 error, 1 left on base; Eugene 0 - Rome 2
TOP OF THE 6TH
Eugene Emeralds batting - Pitching for Rome Braves : RHP Mokichi Furuta
Batting: RHB Garrett Granata 0-0: Ball
1-0: Ball
2-0: Ball
3-0: Called Strike
3-1: Foul Ball, location: 2F
3-2: Ground out 4-3 (Groundball, 4, EV 100.6 MPH)
Batting: RHB Chris Slama 0-0: Ball
1-0: Called Strike
1-1: Foul Ball, location: 2F
1-2: Ball
2-2: Ground out 4-3 (Groundball, 4M, EV 96.9 MPH)
Batting: RHB Francisco Ramirez 0-0: DOUBLE (Line Drive, 89M, EV 90.0 MPH)
Batting: LHB Trevor Spaulding 0-0: Swinging Strike
0-1: Fly out, F8 (Flyball, 89D, EV 98.8 MPH)
Top of the 6th over - 0 runs, 1 hit, 0 errors, 1 left on base; Eugene 0 - Rome 2
BOTTOM OF THE 6TH
Rome Braves batting - Pitching for Eugene Emeralds : RHP Jose Ramirez
Pitching: RHP Jose Marrero
Batting: RHB Ike Trout 0-0: Ball
1-0: Foul Ball, location: 2F
1-1: Foul Ball, location: 2F
1-2: Strikes out swinging
Batting: LHB Mike Tenorio 0-0: Called Strike
0-1: Ball
1-1: Called Strike
1-2: Ground out 1-3 (Groundball, 13S, EV 67.5 MPH)
Batting: RHB Badr al Din Ridha 0-0: Called Strike
0-1: Ball
1-1: Foul Ball, location: 2F
1-2: Strikes out swinging
Bottom of the 6th over - 0 runs, 0 hits, 0 errors, 0 left on base; Eugene 0 - Rome 2
TOP OF THE 7TH
Eugene Emeralds batting - Pitching for Rome Braves : RHP Mokichi Furuta
Batting: LHB Mark Huey 0-0: Ball
1-0: Ball
2-0: SINGLE (Groundball, 4MD, EV 95.6 MPH)
Batting: LHB Kwang-chih Men 0-0: Foul Ball, location: 2F
0-1: Called Strike
0-2: Strikes out swinging
Batting: SHB Bob Hamilton Pickoff Throw to First - Error! E1
Mark Huey to second
0-0: Called Strike
0-1: Ball
Wild Pitch!
Mark Huey to third
1-1: Swinging Strike
1-2: Strikes out swinging
Batting: RHB Brian Gargis 0-0: Called Strike
0-1: Ball
1-1: Foul Ball, location: 2F
1-2: Ball
2-2: Strikes out looking
Top of the 7th over - 0 runs, 1 hit, 1 error, 1 left on base; Eugene 0 - Rome 2
BOTTOM OF THE 7TH
Rome Braves batting - Pitching for Eugene Emeralds : RHP Jose Marrero
Batting: RHB Alex Velasquez 0-0: Called Strike
0-1: Ball
1-1: Swinging Strike
1-2: Foul Ball, location: 2F
1-2: Strikes out swinging
Batting: LHB Joe Phillips 0-0: Swinging Strike
0-1: Foul Ball, location: 2F
0-2: Ball
1-2: Strikes out looking
Batting: RHB Peter Wheeler 0-0: Ball
1-0: Fly out, F8 (Flyball, 89D, EV 108.8 MPH)
Bottom of the 7th over - 0 runs, 0 hits, 0 errors, 0 left on base; Eugene 0 - Rome 2
TOP OF THE 8TH
Eugene Emeralds batting - Pitching for Rome Braves : RHP Mokichi Furuta
Now at C: Brian Huebner
Now at 2B: Tommy Williams
Now at 3B: Peter Wheeler
Batting: RHB Jonathan Ridgely 0-0: Called Strike
0-1: Ball
1-1: SINGLE (Line Drive, 6D, EV 105.0 MPH)
Batting: RHB Garrett Granata 0-0: Called Strike
0-1: Ball
1-1: Swinging Strike
1-2: Foul Ball, location: 2F
1-2: Ball
2-2: SINGLE (Line Drive, 56, EV 98.8 MPH)
Jonathan Ridgely to second
Pitching: RHP Omar Orosco
Batting: RHB Chris Slama 0-0: Ball
1-0: Ball
2-0: Ball
3-0: Base on Balls
Jonathan Ridgely to third
Garrett Granata to second
Batting: RHB Francisco Ramirez 0-0: Called Strike
0-1: Foul Ball, location: 2F
0-2: SINGLE (Groundball, 4MD, EV 94.4 MPH)
Jonathan Ridgely scores
Garrett Granata to third
Chris Slama to second
Batting: LHB Trevor Spaulding 0-0: Called Strike
0-1: SINGLE (Groundball, 34, EV 101.3 MPH) (infield hit)
Garrett Granata scores
Chris Slama to third
Francisco Ramirez to second
Batting: LHB Mark Huey 0-0: Ball
1-0: Fly out, F8 (Line Drive, 8RM, EV 97.5 MPH)
Batting: LHB Kwang-chih Men 0-0: Fly out, F8 (Flyball, 8RM, EV 87.5 MPH)
Batting: SHB Bob Hamilton 0-0: Called Strike
0-1: Called Strike
0-2: GRAND SLAM HOME RUN (Flyball, 9D, EV 93.1 MPH), Distance : 362 ft
Pitching: RHP Jeremy Hurley
Batting: RHB Brian Gargis 0-0: Called Strike
0-1: Ball
1-1: Foul Ball, location: 2F
1-2: Strikes out looking
Top of the 8th over - 6 runs, 5 hits, 0 errors, 0 left on base; Eugene 6 - Rome 2
BOTTOM OF THE 8TH
Rome Braves batting - Pitching for Eugene Emeralds : RHP Jose Marrero
Pitching: LHP Colin Scott
Batting: LHB J.P. Olson 0-0: Foul Ball, location: 2F
0-1: Ball
1-1: Swinging Strike
1-2: Ball
2-2: Ball
3-2: Ground out 2-3 (Groundball, 2L, EV 66.3 MPH)
Batting: LHB Tommy Williams 0-0: Called Strike
0-1: Swinging Strike
0-2: Ball
1-2: Ground out 5-3 (Groundball, 56, EV 87.5 MPH)
Batting: LHB Robby Dann 0-0: Called Strike
0-1: Called Strike
0-2: Ball
1-2: Ball
2-2: Ball
3-2: Base on Balls
Batting: RHB Ike Trout 0-0: Called Strike
0-1: Foul Ball, location: 2F
0-2: Ball
1-2: SINGLE (Groundball, 56D, EV 108.1 MPH)
Robby Dann to second
Batting: LHB Mike Tenorio 0-0: Ball
1-0: SINGLE (Line Drive, 34, EV 94.4 MPH)
Robby Dann to third
Ike Trout to second
Runner from 3rd tries for Home, SAFE, throw by RF to home
Batting: RHB Badr al Din Ridha 0-0: Called Strike
0-1: Ball
1-1: Foul Ball, location: 2F
1-2: Foul Ball, location: 2F
1-2: Ball
2-2: Foul Ball, location: 2F
2-2: Foul Ball, location: 2F
2-2: Foul Ball, location: 2F
2-2: Ball
3-2: Ground out 5-3 (Groundball, 15, EV 84.4 MPH)
Bottom of the 8th over - 1 run, 2 hits, 0 errors, 2 left on base; Eugene 6 - Rome 3
TOP OF THE 9TH
Eugene Emeralds batting - Pitching for Rome Braves : RHP Jeremy Hurley
Pinch Hitting: RHB Jonathan Sotelo 0-0: Fly out, F4 (Line Drive, 4, EV 72.5 MPH)
Batting: RHB Garrett Granata 0-0: Foul Ball, location: 2F
0-1: Ball
1-1: Foul Ball, location: 2F
1-2: Ball
2-2: Ball
3-2: Ground out 4-3 (Groundball, 4, EV 84.4 MPH)
Batting: RHB Chris Slama 0-0: Ground out 6-3 (Groundball, 6M, EV 79.4 MPH)
Top of the 9th over - 0 runs, 0 hits, 0 errors, 0 left on base; Eugene 6 - Rome 3
BOTTOM OF THE 9TH
Rome Braves batting - Pitching for Eugene Emeralds : LHP Colin Scott
Pitching: LHP Mike Alexander
Now at C: Eddy Marcos
Batting: RHB Alex Velasquez 0-0: Called Strike
0-1: Ground out 5-3 (Groundball, 56S, EV 69.4 MPH)
Pinch Hitting: SHB Tim Rodgers 0-0: Called Strike
0-1: Foul Ball, location: 2F
0-2: Ball
1-2: Foul Ball, location: 2F
1-2: Hit by Pitch
Batting: RHB Peter Wheeler 0-0: Ball
1-0: Called Strike
1-1: Ball
2-1: Foul Ball, location: 2F
2-2: Ball
3-2: Base on Balls
Tim Rodgers to second
Batting: LHB J.P. Olson 0-0: Ball
1-0: Ball
2-0: Ball
3-0: Base on Balls
Tim Rodgers to third
Peter Wheeler to second
Pinch Hitting: RHB Johnny Burroughs 0-0: Swinging Strike
0-1: Swinging Strike
0-2: Strikes out swinging
Batting: LHB Robby Dann 0-0: Ball
1-0: Ball
2-0: Foul Ball, location: 2F
2-1: Ball
3-1: Foul Ball, location: 2F
3-2: SINGLE (Line Drive, 34D, EV 103.8 MPH)
Tim Rodgers scores
Peter Wheeler to third
J.P. Olson to second
Peter Wheeler scores
J.P. Olson to third
Batting: RHB Ike Trout 0-0: Ball
1-0: Called Strike
1-1: Ball
2-1: Ball
3-1: Foul Ball, location: 2F
3-2: Foul Ball, location: 2F
3-2: Base on Balls
Robby Dann to second
Pitching: LHP Oscar Stolarski
Batting: LHB Mike Tenorio 0-0: Ball
1-0: Called Strike
1-1: Called Strike
1-2: SINGLE (Groundball, P, EV 83.1 MPH) (infield hit)
J.P. Olson scores
Robby Dann to third
Ike Trout to second
Batting: RHB Badr al Din Ridha 0-0: Ball
1-0: Called Strike
1-1: Ball
2-1: SINGLE (Groundball, 56S, EV 71.9 MPH) (infield hit)
Robby Dann scores
Bottom of the 9th over - 4 runs, 3 hits, 0 errors, 0 left on base; Eugene 6 - Rome 7
Game Over ... Rome defeats Eugene, 7 to 6
Thursday, March 31st , 2022 - OOTP Baseball 22.12 Build 89